Cogmind - Beta 15 @@@ ROGUE MODE // 2025.08.16 @ 18:29:35 Player: kim.jet.wav Result: Destroyed by R6-DI0(j) with Overtuned Pulse Rifle Performance ------------- Evolutions (0) 0 Regions Visited (3) 600 Robots Destroyed (12) 60 Value Destroyed (222) 222 Prototype IDs (6) 120 Alien Tech Used (0) 0 Bonus (800) 800 TOTAL SCORE: 1802 Bonus ------- Registered with UFD 300 Met Optimus in HQ 500 Cogmind --------- Core Integrity 0/250 Matter 300/300 Energy 99/100 System Corruption 0% Temperature Cool (12) Movement Core (50) Location -8/Scraptown Parts ------- > --- POWER (1) -------- (None) > --- PROPULSION (2) --- (None) > --- UTILITY (2) ------ (None) > --- WEAPON (2) ------- (None) > --- INVENTORY (5) ---- (None) Peak State ------------ > --- POWER ------------ Light Ion Engine > --- PROPULSION ------- Aluminum Leg Aluminum Leg > --- UTILITY ---------- Small Storage Unit Seismic Detector > --- WEAPON ----------- EM Pulse Gun EM Pulse Gun > --- INVENTORY -------- Light Ion Engine Medium Laser [Rating: 7] Favorites ----------- Power Light Ion Engine Engine Light Ion Engine Propulsion Aluminum Leg Leg Aluminum Leg Utility Seismic Detector Device Seismic Detector Storage Medium Storage Unit Weapon EM Pulse Gun Energy Gun EM Pulse Gun Launcher Grenade Launcher Build | -11 -10 -10 -8 ------- Run | Yrd Mat Sub Scr Slots Evolved . | . . . . Power . | . . . . Propulsion . | . . . . Utility . | . . . . Weapon . | . . . . Parts Attached 11 | 7 2 2 . Power 2 | 1 1 . . Engine 2 | 1 1 . . Core . | . . . . Reactor . | . . . . Propulsion 2 | 2 . . . Treads . | . . . . Leg 2 | 2 . . . Wheel . | . . . . Hover . | . . . . Flight . | . . . . Utility 3 | 2 1 . . Device 1 | 1 . . . Storage 2 | 1 1 . . Processor . | . . . . Hackware . | . . . . Protection . | . . . . Artifact . | . . . . Weapon 4 | 2 . 2 . Energy Gun 3 | 2 . 1 . Energy Cannon . | . . . . Ballistic Gun . | . . . . Ballistic Cannon . | . . . . Launcher 1 | . . 1 . Special Weapon . | . . . . Impact Weapon . | . . . . Slashing Weapon . | . . . . Piercing Weapon . | . . . . Special Melee Weapon . | . . . . Unidentified Prototypes . | . . . . Parts Lost 1 | . . 1 . Power . | . . . . Propulsion . | . . . . Utility . | . . . . Weapon 1 | . . 1 . Highest Loss Streak 1 | . . 1 . To Critical Strikes . | . . . . Average Backups 5 | 1 3 3 5 Power . | . 1 1 . Propulsion . | . . . . Utility 1 | . . 1 1 Weapon 2 | . 1 1 2 Tool/Special . | . . . . Unused Backups 2 | . . . 2 Power . | . . . . Propulsion . | . . . . Utility 2 | . . . 2 Weapon . | . . . . Tool/Special . | . . . . Average Slot Usage (%) 74 | . 100 100 70 Engine 13 | . 14 14 13 Leg 27 | . 28 28 27 Device 13 | . 14 14 13 Storage 13 | . 14 14 13 Energy Gun 3 | . 28 16 . Peak Build Rating 7 | 7 7 7 7 Average Rating 5 | 5 7 6 5 On Entrance 5 | . 7 7 7 Naked Turns 33 | . . . 33 Heaviest Build 19 | 13 18 19 19 Greatest Support 20 | 20 20 20 20 Greatest Overweight (x) 2 | 2 . . . Average Overweight (x) . | . . . . Largest Inventory Capacity 10 | 8 10 10 10 Average Capacity 9 | 7 9 10 9 Most Carried 7 | 2 5 4 7 Average Carried 5 | 1 3 3 6 Final Capacity 10 | 8 10 10 5 Final Carried 4 | 2 4 4 . Class Distribution -------------------- 100% | Mutant Dominant Class ---------------- Mutant | -10/Materials Mutant | -10/Subcaves Mutant | -8/Scraptown Resources | -11 -10 -10 -8 ----------- Run | Yrd Mat Sub Scr Matter Collected 355 | 270 20 65 . Remotely . | . . . . Salvage Created 303 | 152 77 74 . Parts 23 | 11 3 9 . Haulers Intercepted . | . . . . Recyclers Shooed . | . . . . Parts Field Recycled . | . . . . Retrieved Matter . | . . . . Parts Self-Destructed 15 | . . 15 . Prevented . | . . . . Kills | -11 -10 -10 -8 ------- Run | Yrd Mat Sub Scr Combat Hostiles Destroyed 7 | . 2 5 . Guns 3 | . 2 1 . AOE 4 | . . 4 . Classes Destroyed 5 | 2 1 2 . Tunneler 4 | 4 . . . Recycler 1 | 1 . . . Swarmer 3 | . . 3 . Grunt 2 | . 2 . . Subdweller 2 | . . 2 . Best Kill Streak 5 | 5 1 3 . Combat Bots Only 3 | . 1 3 . Max Kills in Single Turn 3 | 1 1 3 . Gunslinging . | . . . . Exploded 3 | . . 3 . Melee . | . . . . Uniques/NPCs Destroyed . | . . . . Combat | -11 -10 -10 -8 -------- Run | Yrd Mat Sub Scr Hostile Shots Fired 45 | . 13 8 24 Missed 20 | . 5 3 12 Hits 25 | . 8 5 12 Projectile 25 | . 8 5 12 Critical Strikes 1 | . . . 1 Damage Taken 434 | . 105 101 228 Core 264 | . 29 7 228 Absorbed by Shields . | . . . . Core Remaining (%) 100 | 100 . . . Volleys Fired 17 | 5 8 4 . Largest 2 | 2 2 2 . Hottest 90 | 80 80 90 . Shots Fired 33 | 10 16 7 . Gun 30 | 10 16 4 . Cannon . | . . . . Launcher 3 | . . 3 . Special . | . . . . Kinetic . | . . . . Thermal 1 | . . 1 . Explosive 3 | . . 3 . Electromagnetic 29 | 10 16 3 . Robot Hit Streak 7 | 7 3 6 . Robot Miss Streak 1 | 1 1 . . Penetration Max . | . . . . Secondary Targets . | . . . . Shots Hit Robots 22 | 8 10 4 . Core Hits 15 | 5 2 8 . Critical Kills . | . . . . Critical Parts Destroyed . | . . . . Critical Strikes . | . . . . Melee Attacks . | . . . . Impact . | . . . . Slashing . | . . . . Piercing . | . . . . Sneak Attacks . | . . . . Combat Hostiles . | . . . . Follow-up Attacks . | . . . . Damage Inflicted 722 | 219 182 321 . Guns 279 | 96 135 48 . Cannons . | . . . . Explosions 443 | 123 47 273 . Melee . | . . . . Ramming . | . . . . Kinetic . | . . . . Thermal 183 | 123 47 13 . Explosive 273 | . . 273 . Electromagnetic 266 | 96 135 35 . Impact . | . . . . Slashing . | . . . . Piercing . | . . . . Highest Corruption . | . . . . Average Corruption . | . . . . Corruption Purged . | . . . . Corruption Blocked . | . . . . Overload Shots . | . . . . Overflow Damage 5 | 5 . . . Projectiles . | . . . . Explosions 5 | 5 . . . Melee . | . . . . Knockbacks . | . . . . Impact . | . . . . Kinetic . | . . . . Secondary . | . . . . Self-Inflicted Damage 13 | . . 13 . Shots 1 | . . 1 . Rammed . | . . . . Targets Rammed . | . . . . Kicked . | . . . . Crushed . | . . . . Highest Temperature 90 | 90 60 . 12 Average Temperature 34 | 47 26 . 12 Received Heat Transfer 235 | . 60 18 157 Siege Activations . | . . . . Martial Activations . | . . . . Shielding Activations . | . . . . Robots Disrupted . | . . . . Combat Hostiles . | . . . . Robots Corrupted . | . . . . Combat Hostiles . | . . . . Parts Fried . | . . . . Impact Corruptions . | . . . . Robots Melted . | . . . . Combat Hostiles . | . . . . Parts Melted . | . . . . Heat Transferred 237 | 100 100 37 . Parts Sabotaged . | . . . . Parts Stolen . | . . . . Parts Stripped . | . . . . Power Chain Reactions 3 | 2 1 . . Alert | -11 -10 -10 -8 ------- Run | Yrd Mat Sub Scr Maximum Alert Level . | . . . . Low Security (%) 100 | 100 100 . . Level 1 . | . . . . Level 2 . | . . . . Level 3 . | . . . . Level 4 . | . . . . Level 5 . | . . . . High Security . | . . . . Max Security . | . . . . Peak Influence 35 | 15 35 . . Initial 3 | . 3 . . Average 8 | 3 10 . . Influence Increases 150 | 25 55 70 . Destroy 0b10 Robot/C 100 | . 40 60 . Destroy 0b10 Robot/NC 25 | 25 . . . Destroy Leader 10 | . . 10 . Disable Machine 15 | . 15 . . Influence Decreases 150 | 20 60 70 . Entered New Map 2 | . 2 . . Time Decay 148 | 20 58 70 . Squads Dispatched 1 | . 1 . . Investigation 1 | . 1 . . Extermination . | . . . . Reinforcement . | . . . . Assault . | . . . . Garrison . | . . . . Intercept . | . . . . Searches Triggered . | . . . . Construction Impeded . | . . . . Haulers Reinforced . | . . . . Active Scanning Responses . | . . . . Cargo Convoy Interrupts . | . . . . Stealth | -11 -10 -10 -8 --------- Run | Yrd Mat Sub Scr Distress Signals . | . . . . Communications Jammed . | . . . . Distress Signals . | . . . . Times Spotted 21 | . 5 5 11 Peak Tracking Total 6 | . 3 3 6 Tactical Retreats 1 | . . . 1 Traps | -11 -10 -10 -8 ------- Run | Yrd Mat Sub Scr Traps Triggered . | . . . . Indirectly . | . . . . Trap Hack Attempts . | . . . . Triggered . | . . . . Disarmed . | . . . . Reprogrammed . | . . . . Reused . | . . . . Traps Extracted . | . . . . Installed . | . . . . Triggered . | . . . . Machines | -11 -10 -10 -8 ---------- Run | Yrd Mat Sub Scr Machines Disabled 1 | . 1 . . Max in Single Turn 1 | . 1 . . Machines Repaired . | . . . . Machines Dismantled . | . . . . Machines Sabotaged . | . . . . Overloaded Fab Kills . | . . . . Hacking | -11 -10 -10 -8 --------- Run | Yrd Mat Sub Scr Machines Accessed 11 | . . . 11 Terminals . | . . . . Fabricators . | . . . . Repair Stations . | . . . . Recycling Units . | . . . . Scanalyzers . | . . . . Garrison Access . | . . . . Total Hacks 72 | . . . 72 Successful 72 | . . . 72 Failed . | . . . . Catastrophic . | . . . . Database Lockouts . | . . . . Manual . | . . . . Terminals . | . . . . Fabricators . | . . . . Repair Stations . | . . . . Recycling Units . | . . . . Scanalyzers . | . . . . Garrison Access . | . . . . Terminal Hacks 72 | . . . 72 Record 71 | . . . 71 Proto ID Catalog 1 | . . . 1 Fabricator Hacks . | . . . . Repair Station Hacks . | . . . . Recycling Unit Hacks . | . . . . Scanalyzer . | . . . . Garrison Access Hacks . | . . . . Unauthorized Hacks . | . . . . Terminals . | . . . . Fabricators . | . . . . Repair Stations . | . . . . Recycling Units . | . . . . Scanalyzers . | . . . . Garrison Access . | . . . . Data Cores Recovered . | . . . . Used . | . . . . Hacking Detections . | . . . . Full Trace Events . | . . . . Feedback Events . | . . . . Feedback Blocked . | . . . . Robot Schematics Acquired . | . . . . Robots Built . | . . . . Authchips . | . . . . Time . | . . . . Total Robot Build Rating . | . . . . Part Schematics Acquired . | . . . . Parts Built . | . . . . Authchips . | . . . . Time . | . . . . Total Part Build Rating . | . . . . Parts Repaired . | . . . . Time . | . . . . Parts Recycled . | . . . . Recycled Matter . | . . . . Retrieved Matter . | . . . . Retrieved Components . | . . . . Parts Scanalyzed . | . . . . Part Schematics Acquired . | . . . . Parts Damaged . | . . . . Bothacking | -11 -10 -10 -8 ------------ Run | Yrd Mat Sub Scr Used RIF Installer . | . . . . Robots Hacked . | . . . . Non-combat . | . . . . Combat . | . . . . Robot Hacks Applied . | . . . . Relay Couplers Released . | . . . . Fabnet Peak Effective % . | . . . . Robots Rewired . | . . . . Allies Hacked . | . . . . Hacks Repelled . | . . . . Allies | -11 -10 -10 -8 -------- Run | Yrd Mat Sub Scr Total Allies . | . . . . Largest Group . | . . . . Highest-Rated Group . | . . . . Highest-Rated Ally . | . . . . Total Orders . | . . . . Ally Attacks . | . . . . Total Damage . | . . . . Kills . | . . . . Allies Corrupted . | . . . . Allies Melted . | . . . . Intel | -11 -10 -10 -8 ------- Run | Yrd Mat Sub Scr Active Infowar (turns) 3223 | 19 188 233 2783 Seismic 3223 | 19 188 233 2783 Robot Analysis Total . | . . . . Derelict Logs Recovered 1 | . . . 1 Drone Launches . | . . . . Drone Recoveries . | . . . . Exploration | -11 -10 -10 -8 ------------- Run | Yrd Mat Sub Scr Turns Passed 3334 | 97 188 233 2816 Spaces Moved 2683 | 59 92 177 2355 Core 75 | 13 . . 62 Treads . | . . . . Legs 2608 | 46 92 177 2293 Wheels . | . . . . Hover . | . . . . Flight . | . . . . Fastest Speed 50 | 50 120 120 50 Average Speed 118 | 112 120 120 118 Slowest Speed 150 | 150 120 120 120 Overloaded Moves . | . . . . Propulsion Burnouts . | . . . . Robots Hopped . | . . . . Potential Cave-ins . | . . . . Cave-ins Triggered . | . . . . Exploration Rate (%) 34 | 4 25 17 93 Regions Visited 3 Branch Regions 2 Pre-discovered Areas 1 | . . . 1 Known Exits Taken . | . . . . Unknown Exits Taken 3 | 1 1 1 . Scrap Searched . | . . . . Spaces Dug . | . . . . Terrain Destroyed 22 | 3 . 19 . Melee . | . . . . Projectile . | . . . . AOE 22 | 3 . 19 . Terrain Rammed . | . . . . Walls Destroyed . | . . . . Machines Disabled . | . . . . Actions | -11 -10 -10 -8 --------- Run | Yrd Mat Sub Scr Total 2810 | 76 153 189 2392 Wait 84 | 4 49 4 27 Move 2680 | 58 91 176 2355 Hop . | . . . . Pick Up 7 | 2 2 1 2 Fast Attach 7 | 7 . . . Attach 1 | . . 1 . Detach 2 | . . . 2 Swap 5 | . 2 3 . Drop 7 | . 1 . 6 Fire 17 | 5 8 4 . Melee . | . . . . Ram . | . . . . Kick . | . . . . Crush . | . . . . Escape Stasis . | . . . . Rewire . | . . . . Trap . | . . . . Miscellaneous . | . . . . Route ------- -11/Scrapyard -10/Materials (discovered 2 exits: [*Mat] / [*Sub]) -10/Subcaves -8/Scraptown (discovered 1 exit: [*Fac]) History --------- Turn | Location | Event 7 | -11/Scrapyard | Discovered new exit (range 16) 98 | -11/Scrapyard | Entered Materials 99 | -10/Materials | Met a group of wandering Federalists 196 | -10/Materials | Discovered new exit (range 14) 281 | -10/Materials | Discovered new exit (range 5) 286 | -10/Materials | Entered Subcaves 287 | -10/Subcaves | Continued accompanying wandering Federalists (4) 287 | -10/Subcaves | Approached by a straggling Scientist 326 | -10/Subcaves | Build established: Mutant 508 | -10/Subcaves | Wandering Federalist uncovered a shortcut to Scraptown 519 | -10/Subcaves | Entered Scraptown 768 | -8/Scraptown | Scanned Subdweller tech in exchange for log data 772 | -8/Scraptown | Learned location of Extension (-6) 790 | -8/Scraptown | Discovered new exit (range 5) 878 | -8/Scraptown | Visited The Evicted 917 | -8/Scraptown | Visited Cyclists 966 | -8/Scraptown | Visited Awakened 999 | -8/Scraptown | Visited Science Testing Area 1437 | -8/Scraptown | Visited TADAMA 1494 | -8/Scraptown | Visited Artisan Demo Area 1697 | -8/Scraptown | Visited Cave Peace 2053 | -8/Scraptown | Visited UFD Registry 2053 | -8/Scraptown | Registered with UFD as "Monowalker" 2102 | -8/Scraptown | Entered Cyclist Reading Room 2192 | -8/Scraptown | Visited LU-1G1's Boring Crew 2264 | -8/Scraptown | Visited Scrap Suit Storage 2314 | -8/Scraptown | Visited Junk Repository 2537 | -8/Scraptown | Visited Curators Association 2591 | -8/Scraptown | Visited Derelict Rescue Squad 2606 | -8/Scraptown | Found DRS Beacon 2661 | -8/Scraptown | Visited Modified Component R&D 2745 | -8/Scraptown | Visited Science Guys 2810 | -8/Scraptown | Visited Cartography Club 2966 | -8/Scraptown | Visited Chapter 10 3249 | -8/Scraptown | Met Optimus 3249 | -8/Scraptown | Accepted into 0bPrime 3301 | -8/Scraptown | Civil war broke out across Scraptown 3302 | -8/Scraptown | Released all parts (5) 3323 | -8/Scraptown | Core integrity fell below 50% 3334 | -8/Scraptown | Core integrity fell below 20% 3335 | -8/Scraptown | Destroyed by R6-DI0(j) with Overtuned Pulse Rifle Last Messages --------------- 03302_ Released Seismic Detector. 03302_ Released Lgt. Ion Engine. 03302_ Dropped Lgt. Ion Engine. 03302_ Dropped Sub. Optics. 03303_ Optimus: "Bah, right when we're so close. Don't worry Monowalker, they can't stop us now. Get out of here and do your job, we'll deal with this." 03303_ Dropped Targeting Computer. 03303_ Dropped Med. Laser. 03303_ Chain reaction triggered in Lgt. Deuterium Engine. 03304_ Dropped Grenade Launcher. 03305_ Optimus: "No holds barred, if they're hostile, they are an enemy of the people and we must shoot to kill. Collateral damage is to be expected!" 03306_ W3-SVZ(j) destroyed. 03312_ HD-LQ5(x): "Quick, someone dig a tunnel out of here!" 03317_ Critical hit (Burn: +50). 03324_ Slug penetrates 9P-RTU(j). 03324_ 9P-RTU(j) destroyed. 03335_ W7-RON(g): "WAR - We All Reflect." Map ----- +----------------------------------------------------+ | #??? | | #??? | | ###### ########### ##########"" """"#####??? | | ###### ######????## ##????????#" "#??????? | | #""""" """""#####?# #########?#" ""#??????? | | #" " " #?# """"""""#?#" """#??????? | | ""#" " " "### ### " ""#?#" """#??????? | | "#" " " "#"" """ "#?#"""""""#??????? | | "#""""" """""#" """ " ""#?#######????????? | | "###### ######" " """"""""#????????????????? | | "#""""" """""#" ##"""####????????????????? | | ""#" " " "#" "" " ############?????????????? | | ###" " " "#" " ## #????#########? | | " " "#"""""" ## #????# #? | | ###""""" """""####### ## """"" #????# "" "" #? | | ??###### ######?????# ## """"" #????# ""X"" #? | | ######## ############ ## """"" #????# """"" #? | | h ## #????# """ =#? | | !!! ## #????# " %#? | | #####################%= ## #????# [#? | | ???????????????????#*E=!## #????# #? | | ###???????????????### =### ################## ### | | ""#????############!% !!%!g[ | | "#????#""""""""""# ! [%=!=! | | "#????#"""" ""<<<# =!!=! r = | | "#????#"" << j @ =%! | | "#????#"""< # ! | | "#????#""""" " # ####;############ | | "#????#" """ ; # # | | "#????#"" ; # <<<"" # | | "#????#"" < ;g # " " # | | ""#????#"" " < <<#*! # " < " # | | ###????#"""""""<<"#%= # " """ " # | | ###????############! # " " """" " # | | ""#???????????????# # " " " """ " # ![ | | "#???????????????# # " " "" " " # /%% | | "#??????????###### # " " "" " # =! | | "#??????????#"X" # # " "" "" " # * | | "#??????????# # # " """ " " # | | ""#??????????# # " "" " # ! | | ""#??????????# # # " " # | | ""#????####### # # """"" # | | ""#????#" # # # | | ###????#" ## # #### ############ | | ###????#" "# # | | ""#????## "# # | | "#?????#X"X"#""" # | | "#?????########### | | "#?????????####### | | "#????????## | +----------------------------------------------------+ Best States ------------- Heat Dissipation 25 Energy Generation 10 Energy Capacity 125 Matter Stores 300 Matter Capacity 300 Sight Range 16 Terrain Scan Density 10 Evasion (%) 55 Item Schematics ----------------- None Robot Schematics ------------------ None Fabricated ------------ Nothing Repaired ---------- Nothing Alien Tech Used ----------------- None Achievements -------------- None Challenges ------------ None Game ------ Seed GhostHeartNeutralizer Manual? 0 Play Time 01:13:01 Cumulative 41.6 hours Start 2025.08.11 @ 21:56:04 End 2025.08.16 @ 18:29:35 Sessions 11 Manual Loads 0 Difficulty Rogue Special Mode None Game No. 203 Rogue 203 Adventurer 0 Explorer 0 Win Type - Total 0 Types 0/0/0/0/0/0/0/0/0/0 Lore% 23 Gallery% 18 Achievement% 18 Wizard Run 0 Options --------- Layout 0 ASCII 1 Keyboard 1 Movement Numpad Keybinds 1 Fullscreen 1 Font 18/X11 Map View 76x50 Zoom Use 0% Tactical HUD 1 Map Filters NONE Filters NONE Steam 1 RUN: 9224bac6-819b-45f3-a892-84d90be26f2f